 Dungeon Crawl Stone Soup version 0.25.1-1-g288607f5aa (webtiles) character file.

Game seed: 14055184714194648573

683 Kold the Insei (level 7, 0/43 HPs)
             Began as an Octopode Transmuter on July 24, 2020.
             Slain by a worker ant zombie (6 damage)
             ... on level 5 of the Dungeon.
             The game lasted 00:09:26 (6435 turns).

Kold the Insei (Octopode Transmuter)                Turns: 6435, Time: 00:09:27

Health: 0/43       AC:  1    Str:  9    XL:     7   Next: 61%
Magic:  10/11      EV: 13    Int: 23    God:
Gold:   236        SH:  0    Dex: 13    Spells: 5/11 levels left

rFire    . . .     SeeInvis .     - Unarmed
rCold    . . .     Gourm    .   (no shield)
rNeg     . . .     Faith    .   (helmet restricted)
rPois    .         Spirit   .   (no amulet)
rElec    .         Reflect  .   n - +6 ring of intelligence
rCorr    .         Harm     .   (no ring)
MR       .....                  (no ring)
Stlth    +++.......             (no ring)
HPRegen  0.14/turn              (no ring)
MPRegen  0.12/turn              (no ring)
                                (no ring)
                                (no ring)

@: appendage
A: almost no armour, stealthy swim, amphibious, 8 rings, constrict 8, tentacle
spike 3, camouflage 1, gelatinous body 1
a: End Transformation


You were on level 5 of the Dungeon.
You were not hungry.
One of your tentacles had a temporary spike.
You visited 1 branch of the dungeon, and saw 5 of its levels.
You also visited: Ossuary.

You collected 236 gold pieces.

Inventory:

Missiles
 a - 67 arrows
Jewellery
 n - a +6 ring of intelligence (left tentacle)
Scrolls
 b - a scroll of identify
 d - 2 scrolls of amnesia {unknown}
 e - a scroll of teleportation
 g - a scroll of enchant armour {unknown}
 m - a scroll of enchant weapon
Potions
 f - 3 potions of might
Comestibles
 c - 3 rations


   Skills:
 - Level 1.0 Fighting
 - Level 2.0 Dodging
 - Level 3.0 Stealth
 + Level 5.6 Unarmed Combat
 + Level 2.9 Spellcasting
 + Level 5.2 Transmutations
 - Level 3.0 Poison Magic


You had 5 spell levels left.
You knew the following spells:

 Your Spells              Type           Power        Failure   Level  Hunger
a - Beastly Appendage     Tmut           ####..       1%          1    None
b - Sticks to Snakes      Tmut           ####....     1%          2    ##.....
c - Spider Form           Tmut/Pois      ###.......   6%          3    ###....

Your spell library contained the following spells:

 Spells                   Type           Power        Failure   Level  Hunger
 Ice Form                 Ice/Tmut       ###.....     36%         4    ####...
 Blade Hands              Tmut           ####......   36%         5    ######.


Dungeon Overview and Level Annotations

Branches:
Dungeon (5/15)            Ossuary (visited)
 Temple: D:4-7

Altars:
Hepliaklqana
Makhleb
Qazlal

Shops:
D:4 =

Annotations:
D:5 Blork the orc, Ijyb


Innate Abilities, Weirdness & Mutations

You cannot wear most types of armour.
You are very stealthy in the water. (Stealth+)
You are amphibious.
You can wear up to eight rings at the same time.
You can use your tentacles to constrict eight enemies at once.
Your skin changes colour to match your surroundings (Stealth+).
Your rubbery body absorbs attacks. (AC +1, EV +1)
One of your tentacles bears a large vicious spike.


Message History

One of your tentacles grows a vicious spike.
You constrict the hound. The hound misses you.
You tentacle-slap the hound.
You pierce the hound, but do no damage.
The hound is almost dead.
You constrict the hound. The hound bites you.
* * * LOW HITPOINT WARNING * * *
The hound misses you.
You bludgeon the hound!
You kill the hound!
You tentacle-slap the worker ant zombie.
You grab the worker ant zombie.
You pierce the worker ant zombie.
You squeeze the worker ant zombie!
The worker ant zombie is severely damaged.
You constrict the worker ant zombie, but do no damage.
The worker ant zombie barely misses you.
You tentacle-slap the worker ant zombie.
You pierce the worker ant zombie.
The worker ant zombie is almost destroyed.
You constrict the worker ant zombie. The worker ant zombie bites you.
You die...

,,,,,**#,* *,*****
,,,,,,,#.*** *,,,,,*
,,,,,,,,..,* *****,*
,,,,,*,*,#.####### *,*
,,,,,*,#+#.......# *,*
,,,,,,,.......##.####,*
,,,,_,,......)'))...#,*
,,,,8_,.......##Z##.#,*
**,,_,,.+#+###*#@##.#,*
**,,,,,*,*,* #.##.#,*
***,*,,*,*,* #.##.#,* *
*,**,*,*,* #.##.#,* *
*,**,*,#.#####.##.#,* *
*,**,*,...........#,* *
*,**,**#.#####.####.# *
*,**,,,#............#
***,****,#######.######


You could see a worker ant zombie.

Vanquished Creatures
  An ogre (D:5)
  An elf zombie (Ossuary)
  A scorpion (D:5)
  A crimson imp (D:5)
  A hound (D:5)
  A bullfrog skeleton (D:5)
  A human zombie (Ossuary)
  A worker ant (D:4)
  2 orc wizards (D:5)
  2 big kobold zombies (Ossuary)
  A hound zombie (Ossuary)
  3 mummies (Ossuary)
  A worker ant zombie (D:5)
  5 adders
  An ooze (D:3)
  2 adder zombies (Ossuary)
  5 worms
  2 dart slugs
  A leopard gecko (D:1)
  6 orcs
  10 bats
  7 giant cockroaches
  2 gnoll zombies (Ossuary)
  7 goblins
  8 hobgoblins
  8 kobolds
  A quokka (D:3)
  5 frilled lizards
  5 goblin zombies (Ossuary)
  A hobgoblin zombie (Ossuary)
  2 jackal zombies (Ossuary)
  2 kobold zombies (Ossuary)
  An orc zombie (Ossuary)
  3 quokka zombies (Ossuary)
  A rat (D:1)
  4 rat zombies (Ossuary)
106 creatures vanquished.

Vanquished Creatures (collateral kills)
  A centaur zombie (Ossuary)
  A hound zombie (Ossuary)
  A gnoll zombie (Ossuary)
  A jackal zombie (Ossuary)
  A kobold zombie (Ossuary)
  A quokka zombie (Ossuary)
  A rat zombie (Ossuary)
7 creatures vanquished.

Grand Total: 113 creatures vanquished

Notes
Turn   | Place    | Note
-------+----------+-------------------------------------------
     0 | D:1      | Kold the Octopode Transmuter began the quest for the Orb.
     0 | D:1      | Reached XP level 1. HP: 13/13 MP: 3/3
   104 | D:1      | Reached skill level 1 in Stealth
   105 | D:1      | Reached XP level 2. HP: 16/18 MP: 5/5
   917 | D:2      | Reached XP level 3. HP: 23/23 MP: 6/6
  1893 | D:2      | Reached XP level 4. HP: 28/28 MP: 5/7
  1986 | D:3      | Found a stormy altar of Qazlal.
  1989 | D:3      | Found a burning altar of Makhleb.
  1989 | D:3      | Found a hazy altar of Hepliaklqana.
  2139 | D:3      | Found a faded altar of an unknown god.
  3534 | D:4      | Reached XP level 5. HP: 20/33 MP: 6/8
  3551 | D:4      | Learned a level 2 spell: Sticks to Snakes
  3555 | D:4      | Learned a level 3 spell: Spider Form
  4112 | D:4      | Found Oxtaisik's Jewellery Shoppe.
  4501 | D:4      | Noticed a phantom
  4513 | D:5      | Entered Level 5 of the Dungeon
  4566 | D:5      | Noticed Blork the orc
  4573 | D:5      | Found a sand-covered staircase.
  4589 | Ossuary  | Entered an ossuary
  4630 | Ossuary  | Reached skill level 1 in Poison Magic
  4998 | Ossuary  | Reached XP level 6. HP: 38/38 MP: 5/9
  5524 | Ossuary  | Reached skill level 5 in Unarmed Combat
  5960 | D:5      | Reached XP level 7. HP: 41/43 MP: 5/10
  5960 | D:5      | Noticed Ijyb
  6305 | D:5      | Reached skill level 5 in Transmutations
  6435 | D:5      | Slain by a worker ant zombie

Illustrated notes

Levels and vault maps discovered:
D:1:      erik_arrival_orb_chamber, layout_basic
D:2:      layout_basic
D:3:      layout_loops_corners, gammafunk_temple_overflow_forgotten,
          chequers_ecumenical_altar_simple_redux
D:4:      layout_basic, serial_shops, shop
D:5:      layout_basic, chequers_temple_overflow_statue_of_worship,
          nicolae_ossuary_entry_ruins, first_ration, uniq_blork_the_orc,
          uniq_ijyb

Skill      XL: |  1  2  3  4  5  6  7 |
---------------+----------------------+-----
Stealth        | 1 2 3 |  3.0
Transmutations | 3 4 5 |  5.2
Unarmed Combat | 4 5 |  5.6
Poison Magic   | 1 3 |  3.0
Fighting       | |  1.0
Dodging        | |  2.0
Spellcasting   | |  2.9

Action                   |  1- 3 |  4- 6 |  7- 9 || total
-------------------------+-------+-------+-------++-------
Melee: Unarmed           |    80 |   179 |    35 ||   294
       Constrict         |    25 |    52 |     2 ||    79
       Kick              |    10 |    44 |     6 ||    60
       Tentacles         |    10 |    34 |     3 ||    47
       Punch             |     1 |     4 |       ||     5
 Cast: Beastly Appendage |    13 |    25 |     2 ||    40
       Sticks to Snakes  |       |     8 |     2 ||    10
       Spider Form       |       |     2 |     2 ||     4
  Use: Potion            |       |     4 |     1 ||     5
       Scroll            |       |     7 |     1 ||     8
 Stab: Sleeping          |     8 |    18 |       ||    26
       Distracted        |     1 |     1 |       ||     2
  Eat: Chunk             |     3 |     6 |       ||     9
       Ration            |       |     2 |     1 ||     3
Armor: Skin              |    10 |    11 |     2 ||    23
Dodge: Dodged            |    42 |   105 |    40 ||   187
